 Dungeon Crawl Stone Soup version 0.31-a0-174-g85c54bcb58 (webtiles) character file.

Game seed: 16016294695517025442

70 qw the Chopper (level 4, -2/33 HPs)
             Began as a Gargoyle Fighter on June 15, 2023.
             Slain by a water moccasin (5 damage)
             ... on level 3 of the Dungeon.
             The game lasted 00:00:48 (1493 turns).

qw the Chopper (Gargoyle Fighter)                   Turns: 1493, Time: 00:00:49

Health: -2/33      AC: 10    Str: 21    XL:     4   Next: 21%
Magic:  4/4        EV:  9    Int:  9    God:
Gold:   111        SH:  4    Dex:  9    Spells: 3/3 levels left

rFire   . . .        Y - +0 war axe
rCold   . . .        c - +0 buckler
rNeg    + . .        b - +0 scale mail
rPois   inf          (no helmet)
rElec   +            (no cloak)
rCorr   .            (no gloves)
SInv    .            (no boots)
Will    .....        (no amulet) Stlth
                     (no ring)
HPRegen 0.25/turn    (no ring)
MPRegen 0.09/turn

%: no passive effects
@: no status effects
A: sickness immunity, AC +3, negative energy resistance 1, electricity
resistance, torment resistance 1, petrification resistance, robust 2
a: no special abilities


You were on level 3 of the Dungeon.
You visited 1 branch of the dungeon, and saw 3 of its levels.

You collected 111 gold pieces.


Innate Abilities, Weirdness & Mutations

You are immune to sickness and miasma.
Your stone body is resilient. (AC +3)
You are immune to poison.
You resist negative energy. (rN+)
You are resistant to electric shocks. (rElec)
You are resistant to unholy torment.
You are immune to petrification.
You are very robust. (+20% HP)


   Skills:
 - Level 3.2 Fighting
 + Level 4.0 Axes
 - Level 3.2 Armour
 - Level 3.2 Shields


You had 3 spell levels left.
You didn't know any spells.
Your spell library was empty.

Inventory:

Hand Weapons
 i - a +0 whip
 Y - a +0 war axe (weapon)
Armour
 b - a +0 scale mail (worn)
 c - a +0 buckler (worn)
Jewellery
 g - a ring of fire
Scrolls
 h - a scroll of identify
 j - a scroll of enchant weapon {unknown}
 k - a scroll of enchant armour {unknown}
Potions
 a - a potion of invisibility {unknown}
 d - 2 potions of might
 e - a potion of mutation
 f - a potion of curing

Dungeon Overview and Level Annotations

Branches:
Dungeon (3/15)

Altars:
Ru


Message History

You barely miss the water moccasin.
The water moccasin is moderately wounded.
The water moccasin closely misses you. The water moccasin bites you!
You hit the water moccasin.
The water moccasin is heavily wounded.
The water moccasin misses you.
The water moccasin completely misses you.
You closely miss the water moccasin.
The water moccasin is heavily wounded.
The water moccasin bites you but does no damage.
You barely miss the water moccasin.
The water moccasin is heavily wounded.
The water moccasin barely misses you. The water moccasin misses you.
You hit the water moccasin.
The water moccasin is severely wounded.
The water moccasin bites you but does no damage. x2
You barely miss the water moccasin.
The water moccasin is severely wounded.
The water moccasin barely misses you.
The water moccasin bites you but does no damage.
You hit the water moccasin but do no damage.
The water moccasin is severely wounded.
The water moccasin bites you. The water moccasin barely misses you.
You barely miss the water moccasin.
The water moccasin is severely wounded.
The water moccasin barely misses you. You block the water moccasin's attack.
You hit the water moccasin.
The water moccasin is almost dead.
The water moccasin misses you.
You hit the water moccasin.
The water moccasin is almost dead.
The water moccasin bites you but does no damage.
The water moccasin misses you.
You miss the water moccasin.
The water moccasin is almost dead.
You block the water moccasin's attack. The water moccasin bites you!
You closely miss the water moccasin.
The water moccasin is almost dead.
The water moccasin bites you.
You die...

#. #. .. #.# #. #.#.
#.# # #. #.#...#.#
#.##.## #.#...#.#
....# #.#...#.#.
####S.# #.#...#.#.
+....@# #.#.......
#####.#######.#.#.#.#
#####...........#.#.#
+......######.###.#.##
######.# #.........
#.# #####.#.## ...
#..>.. #.## ##.... ###
#...#


You could see a water moccasin.

Vanquished Creatures
  3 adders
  A worm (D:2)
  2 dart slugs
  3 ball pythons
  3 bats
  4 endoplasms (D:1)
  A giant cockroach (D:1)
  A goblin (D:1)
  3 hobgoblins
  2 jackals (D:1)
  2 quokkas
  6 frilled lizards
  4 kobolds
  A rat (D:1)
36 creatures vanquished.

Notes
Turn   | Place    | Note
-------+----------+-------------------------------------------
     0 | D:1      | qw the Gargoyle Fighter began the quest for the Orb.
     0 | D:1      | Reached XP level 1. HP: 14/14 MP: 1/1
     0 | D:1      | 0 ||| qw: Version: 0.2-a-29-g511e9b1
     0 | D:1      | 0 ||| qw: Game counter: 5434
     0 | D:1      | 0 ||| qw: Always use a shield: true
     0 | D:1      | 0 ||| qw: God list: Okawaru
     0 | D:1      | 0 ||| qw: Allow faded altars: false
     0 | D:1      | 0 ||| qw: Do Orc after D:15 true
     0 | D:1      | 0 ||| qw: Do second Lair branch before Depths: true
     0 | D:1      | 0 ||| qw: Lair rune preference: random
     0 | D:1      | 0 ||| qw: Plans: Normal, Zot:1-4, Slime:5, God:TSO, Crypt,
                  | Tomb, Abyss, Pan, Hells, Win
     0 | D:1      | 0 ||| PLANNING D:1-11
    84 | D:1      | Reached skill level 2 in Axes
   209 | D:1      | Reached XP level 2. HP: 19/19 MP: 2/2
   467 | D:1      | 467 ||| Stepping ~*~*~tactically~*~*~ (hiding).
   603 | D:1      | Reached skill level 3 in Axes
   636 | D:1      | Reached XP level 3. HP: 23/23 MP: 3/3
   642 | D:1      | 642 ||| DROPPING +0 club.
   781 | D:1      | 781 ||| READING scroll labelled XANEOCHONEA.
   782 | D:1      | 782 ||| READING scroll labelled ONU RIPSEAF.
   785 | D:1      | 785 ||| READING 3 scrolls labelled QEICVULEECLY.
   786 | D:1      | 786 ||| READING 2 scrolls of identify.
   786 | D:1      | 786 ||| IDENTIFYING fizzy brown potion
   974 | D:2      | Found a sacrificial altar of Ru.
  1310 | D:2      | 1310 ||| READING 4 scrolls labelled YWEBUO BYLAICK.
  1311 | D:2      | 1311 ||| DRINKING 2 brown potions.
  1311 | D:2      | Gained mutation: You are robust. (+10% HP) [potion of
                  | mutation]
  1311 | D:2      | Gained mutation: You are very robust. (+20% HP) [potion of
                  | mutation]
  1328 | D:2      | 1328 ||| READING 2 scrolls of identify.
  1328 | D:2      | 1328 ||| IDENTIFYING dark potion
  1329 | D:2      | 1329 ||| DROPPING 3 scrolls of revelation.
  1330 | D:2      | 1330 ||| DROPPING potion of enlightenment.
  1353 | D:3      | Found a faded altar of an unknown god.
  1446 | D:3      | Reached XP level 4. HP: 33/33 MP: 4/4
  1448 | D:3      | Reached skill level 4 in Axes
  1475 | D:3      | Noticed a water moccasin
  1492 | D:3      | HP: 3/33 [water moccasin (8)]
  1493 | D:3      | Slain by a water moccasin

Levels and vault maps discovered:
D:1:      giann_bridges, layout_loops_ring
D:2:      layout_rooms, basic_altar, wander_ebering_terrifying_dragon_lair
D:3:      layout_basic, mainiacjoe_overflow_alcove_4,
          hellmonk_ecumenical_altar_zigzags, minmay_goblin_outpost

Skill      XL: |  1  2  3  4 |
---------------+-------------+-----
Axes           | 2 3 4 |  4.0
Fighting       | |  3.2
Armour         | |  3.2
Shields        | |  3.2

Action                     |  1- 3 |  4- 6 || total
---------------------------+-------+-------++-------
  Melee: War axe           |   115 |    22 ||   137
    Use: Scroll            |     6 |       ||     6
         Potion            |     1 |       ||     1
 Armour: Scale mail        |    56 |    14 ||    70
  Dodge: Dodged            |    59 |    14 ||    73
  Block: Buckler           |    14 |     6 ||    20

Table legend:
 A = Non-vault XP
 B = Vault XP
 C = Vault XP percentage of total XP
 D = Non-vault monster count
 E = Vault monster count
 F = Vault count percentage of total count
                 A         B        C        D         E       F
            +---------+---------+-------+---------+---------+-------
      Total |      99 |       1 |   1.0 |      35 |       1 |   2.8
            +---------+---------+-------+---------+---------+-------
        D:1 |      39 |       0 |   0.0 |      22 |       0 |   0.0
        D:2 |      39 |       1 |   2.5 |       9 |       1 |  10.0
        D:3 |      21 |       0 |   0.0 |       4 |       0 |   0.0
            +---------+---------+-------+---------+---------+-------
